Panthers vs Sabres

Created - 10 novembre 2017 at 15:55

Goals
1 2 3 T
Panthers 2 2 0 4
Sabres 2 0 0 2
Shots
1 2 3 T
Panthers 6 13 3 22
Sabres 6 17 8 31

1st period

1. Panthers , Sean Couturier 5 (Cam Fowler 8) at 0:53
2. Sabres , J.P. Dumont 5 (James Van Riemsdyk 7, Dougie Hamilton 7) at 5:46
3. Sabres , Simon Despres 2 (J.P. Dumont 4, Daniel Briere 15) at 7:41 (PP)
4. Panthers , Wayne Simmonds 1 (Brayden Schenn 4, Dustin Byfuglien 8) at 14:34

Penalties :
Cam Fowler (FLO) for Roughing (Minor) at 7:14, Brent Seabrook (BUF) for Holding Stick (Minor) at 7:44, Connor Murphy (BUF) for Hooking (Minor) at 16:41

2nd period

5. Panthers , Cam Fowler 3 (Mario Scalzo 8, Dustin Byfuglien 9) at 16:51 (PP)
6. Panthers , Jakub Voracek 10 (Luke Schenn 7, Dustin Byfuglien 10) at 19:09

Penalties :
Dustin Byfuglien (FLO) for Slashing (Minor) at 4:21, Simon Despres (BUF) for Hooking (Minor) at 8:14, Mario Scalzo (FLO) for Hooking (Minor) at 14:07, Mike Iggulden (BUF) for High sticking (Minor) at 16:29, Chris Kreider (FLO) for Holding (Minor) at 19:17

3rd period

No Goal

Penalties :
Chris Kreider (FLO) for Hooking (Minor) at 4:07, Aaron Ekblad (FLO) for Hooking (Minor) at 7:05, Dustin Byfuglien (FLO) for Roughing (Minor) at 10:51, Brayden Schenn (FLO) for Slashing (Minor) at 14:09

Goalie Stats

Robin Lehner (FLO), 29 saves from 31 shots - (0,935), W, 6-8-0, 60:00 minutes
Jake Allen (BUF), 18 saves from 22 shots - (0,818), L, 5-1-1, 60:00 minutes

Players Stats for Panthers

Player Name              G  A  P  +/- PIM S  H  SB GA TA FO     MP     PP MP  PK MP  
------------------------------------------------------------------------------------
Aaron Ekblad             0  0  0   1  2   1  1  1  0  0  0/0    17:43   3:34   0:00 
Brayden Schenn           0  1  1   1  2   1  0  1  0  0  8/13   20:29   2:26   5:53 
Brett Sutter             0  0  0   1  0   0  0  0  0  0  1/3    20:18   2:30   6:29 
Cam Fowler               1  1  2   1  2   4  1  1  0  0  0/0    14:03   2:39   2:28 
Chris Kreider            0  0  0   0  4   1  4  0  0  0  0/1    16:55   1:06   0:00 
Derick Brassard          0  0  0   0  0   0  0  0  0  0  5/10   12:21   1:54   0:00 
Dustin Byfuglien         0  3  3   1  4   1  1  1  0  0  0/0    14:11   2:26   0:00 
Jakob Silfverberg        0  0  0   0  0   0  1  1  0  0  0/0    15:51   0:00   0:00 
Jakub Voracek            1  0  1   1  0   4  0  0  0  0  0/1    14:28   2:47   0:22 
Jason Demers             0  0  0   0  0   0  2  0  0  0  0/0     8:19   0:00   1:12 
John Moore               0  0  0   0  0   0  1  3  0  0  0/0    18:22   3:40   6:43 
Luke Schenn              0  1  1   1  0   1  0  2  0  0  0/0    19:24   0:00   7:37 
Mario Scalzo             0  1  1   0  2   1  7  1  0  0  0/0    14:34   2:39   3:57 
Mike Cammalleri          0  0  0   1  0   2  0  0  0  0  5/16   15:05   2:47   0:59 
Nick Bonino              0  0  0   0  0   2  1  0  0  0  6/8    12:53   0:00   7:29 
Niklas Hjalmarsson       0  0  0   0  0   0  0  1  0  0  0/0    15:45   0:06   6:43 
Sean Couturier           1  0  1   1  0   2  0  0  0  0  15/22  19:39   0:00   7:28 
Wayne Simmonds           1  0  1   1  0   2  2  0  0  0  1/1    15:12   3:01   0:00 

Players Stats for Sabres

Player Name              G  A  P  +/- PIM S  H  SB GA TA FO     MP     PP MP  PK MP  
------------------------------------------------------------------------------------
Alexander Frolov         0  0  0   0  0   3  0  0  0  0  5/7    17:15   6:28   0:56 
Andrej Sekera            0  0  0  -1  0   5  0  7  0  0  0/0    26:04   6:41   2:38 
Brent Seabrook           0  0  0  -1  2   0  1  2  0  0  0/0    19:06   0:00   2:22 
Connor Murphy            0  0  0  -1  2   3  3  2  0  0  0/0    20:18   6:41   2:06 
Cory Conacher            0  0  0   0  0   0  0  0  0  0  0/0     5:36   0:11   0:00 
Daniel Briere            0  1  1   0  0   4  7  0  0  0  14/30  25:15   7:41   1:40 
Darren Helm              0  0  0   0  0   2  0  0  0  0  0/1    13:46   0:00   0:00 
Dougie Hamilton          0  1  1   0  0   1  1  0  0  0  0/0    21:51   7:39   3:08 
J.P. Dumont              1  1  2   0  0   4  0  0  0  0  8/11   21:11   7:52   3:28 
James Van Riemsdyk       0  1  1   0  0   2  6  1  0  0  0/1    22:03   7:52   3:43 
Janne Lahti              0  0  0   0  0   0  2  0  0  0  0/0     5:25   0:00   0:00 
Jonathan Blum            0  0  0   0  0   0  0  0  0  0  0/0     3:01   0:00   0:00 
Mike Iggulden            0  0  0  -2  2   0  1  0  0  0  0/0    11:34   0:00   0:00 
Milan Lucic              0  0  0  -2  0   0  4  1  0  0  0/0    20:54   6:28   2:51 
Nicklas Backstrom        0  0  0   0  0   4  0  0  0  0  3/11   19:06   6:28   0:00 
Olli Maata               0  0  0  -1  0   0  0  0  0  0  0/0     8:31   0:00   0:00 
Simon Despres            1  0  1   0  2   2  1  2  0  0  0/0    21:06   7:39   2:24 
Victor Rask              0  0  0  -2  0   1  0  0  0  0  4/14   11:35   0:00   0:00 

3 Stars

1 - Cam Fowler (FLO)
2 - Wayne Simmonds (FLO)
3 - Sean Couturier (FLO)

Power Play

Panthers - 1 on 4 Attempt(s) - 25,00%
Sabres - 1 on 8 Attempt(s) - 12,50%

Penalty Kill

Panthers - 7 on 8 Attempt(s) - 87,50% - Score 0 goal in Penalty Kill
Sabres - 3 on 4 Attempt(s) - 75,00% - Score 0 goal in Penalty Kill

Team Stat

Panthers - Hits : 21 - Faceoff Wins : 41 - Blocked Shots : 12 - Penalty Minutes : 16
Sabres - Hits : 26 - Faceoff Wins : 34 - Blocked Shots : 15 - Penalty Minutes : 8

Official

Referees : Dennis LaRue and Brad Meier
Linesman : Jim Scarpace and Justin Hedlund

Game Notes

Cam Fowler is injured at 0:12 of 3rd period (Broken Left Index Finger)

Finance

Level 1 -- Attendance: 6188 (99,01%) -- Ticket Income 587 860 $
Level 2 -- Attendance: 5250 (100,00%) -- Ticket Income 315 000 $
Level 3 -- Attendance: 2348 (72,25%) -- Ticket Income 75 136 $
Level 4 -- Attendance: 4250 (100,00%) -- Ticket Income 85 000 $
Luxury Box -- Attendance: 1265 (100,00%) -- Ticket Income 253 000 $
Game was played at the MTS Centre.
Total Attendance: 19301 (95,24%)
Total Ticket Income: 1 315 996 $
Other Income: 644 838 $
Total Income: 1 960 834 $

Panthers

5 vs 5 Forward 
   Center                   Left Wing                Right Wing               Time % Phy DF OF 
 1 Mike Cammalleri          Brett Sutter             Jakub Voracek            37     0   4  1  
 2 Sean Couturier           Brayden Schenn           Wayne Simmonds           33     0   3  2  
 3 Derick Brassard          Chris Kreider            Jakob Silfverberg        19     0   3  2  
 4 Nick Bonino              Chris Kreider            Jakob Silfverberg        11     0   3  2  

5 vs 5 Defense 
   Defense                  Defense                                           Time % Phy DF OF 
 1 Luke Schenn              Dustin Byfuglien                                  34     1   1  3  
 2 Cam Fowler               Aaron Ekblad                                      32     1   2  2  
 3 John Moore               Mario Scalzo                                      20     0   3  2  
 4 Niklas Hjalmarsson       Jason Demers                                      14     0   3  2  

PowerPlay Forward 
   Center                   Left Wing                Right Wing               Time % Phy DF OF 
 1 Mike Cammalleri          Jakub Voracek            Wayne Simmonds           50     0   0  5  
 2 Brett Sutter             Brayden Schenn           Dustin Byfuglien         50     0   0  5  

PowerPlay Defense
   Defense                  Defense                                           Time % Phy DF OF 
 1 Cam Fowler               Mario Scalzo                                      50     0   0  5  
 2 John Moore               Aaron Ekblad                                      50     0   0  5  

Penalty Kill 4 Players Forward 
   Center                   Wing                     Time % Phy DF OF 
 1 Brayden Schenn           Nick Bonino              51     0   5  0  
 2 Sean Couturier           Brett Sutter             49     0   5  0  

Penalty Kill 4 Players Defense
   Defense                  Defense                  Time % Phy DF OF 
 1 Niklas Hjalmarsson       John Moore               52     0   5  0  
 2 Cam Fowler               Luke Schenn              48     0   5  0  

Penalty Kill - 3 Players Forward 
   Forward                                           Time % Phy DF OF 
 1 Dustin Byfuglien                                  50     0   5  0  
 2 Nick Bonino                                       50     0   5  0  

Penalty Kill - 3 Players Defense
   Defense                  Defense                  Time % Phy DF OF 
 1 Niklas Hjalmarsson       John Moore               52     0   5  0  
 2 Cam Fowler               Luke Schenn              48     0   5  0  

4 vs 4 Forward 
   Center                   Wing                     Time % Phy DF OF 
 1 Sean Couturier           Jakub Voracek            50     0   2  3  
 2 Brett Sutter             Nick Bonino              50     0   3  2  

4 vs 4 Defense
   Defense                  Defense                  Time % Phy DF OF 
 1 Aaron Ekblad             Dustin Byfuglien         51     0   2  3  
 2 John Moore               Jason Demers             49     0   3  2  

Last Minutes Offensive
   Center                   Left Wing                Right Wing               Defense                  Defense                  
   Mike Cammalleri          Jakub Voracek            Wayne Simmonds           Jason Demers             Cam Fowler               

Last Minutes Defensive
   Center                   Left Wing                Right Wing               Defense                  Defense                  
   Sean Couturier           Nick Bonino              Wayne Simmonds           John Moore               Luke Schenn              

Goaltenders
Starting : Robin Lehner             
Backup : Tomas Popperle           

Extra Forwards
Normal : Derick Brassard, Chris Kreider, Brett Sutter - PP : Derick Brassard, Chris Kreider - PK : Brayden Schenn
Extra Defensemen
Normal : Niklas Hjalmarsson, Mario Scalzo, Jason Demers - PP : Niklas Hjalmarsson - PK : Mario Scalzo, Jason Demers
Penalty Shots
Dustin Byfuglien, Derick Brassard, Jakub Voracek, Wayne Simmonds, Sean Couturier
Custom OT Lines Forwards
Dustin Byfuglien, Mike Cammalleri, Nick Bonino, Wayne Simmonds, Jakub Voracek, Derick Brassard, Brett Sutter, Chris Kreider, Brayden Schenn, Jakob Silfverberg
Custom OT Lines Defensemen
Aaron Ekblad, Cam Fowler, John Moore, Luke Schenn, Niklas Hjalmarsson

Scratches
None

Sabres

5 vs 5 Forward 
   Center                   Left Wing                Right Wing               Time % Phy DF OF 
 1 Daniel Briere            Nicklas Backstrom        Darren Helm              40     0   2  3  
 2 Alexander Frolov         James Van Riemsdyk       J.P. Dumont              30     0   2  3  
 3 Daniel Briere            Janne Lahti              Cory Conacher            20     0   2  3  
 4 Victor Rask              Milan Lucic              Mike Iggulden            10     0   3  2  

5 vs 5 Defense 
   Defense                  Defense                                           Time % Phy DF OF 
 1 Brent Seabrook           Andrej Sekera                                     40     0   4  1  
 2 Dougie Hamilton          Simon Despres                                     30     0   4  1  
 3 Connor Murphy            Olli Maata                                        20     0   4  1  
 4 Connor Murphy            Jonathan Blum                                     10     0   5  0  

PowerPlay Forward 
   Center                   Left Wing                Right Wing               Time % Phy DF OF 
 1 Nicklas Backstrom        Alexander Frolov         Milan Lucic              60     0   0  5  
 2 Daniel Briere            James Van Riemsdyk       J.P. Dumont              40     0   0  5  

PowerPlay Defense
   Defense                  Defense                                           Time % Phy DF OF 
 1 Connor Murphy            Andrej Sekera                                     60     0   1  4  
 2 Dougie Hamilton          Simon Despres                                     40     0   1  4  

Penalty Kill 4 Players Forward 
   Center                   Wing                     Time % Phy DF OF 
 1 J.P. Dumont              James Van Riemsdyk       60     0   4  1  
 2 Daniel Briere            Milan Lucic              40     0   4  1  

Penalty Kill 4 Players Defense
   Defense                  Defense                  Time % Phy DF OF 
 1 Connor Murphy            Andrej Sekera            60     0   5  0  
 2 Dougie Hamilton          Simon Despres            40     0   5  0  

Penalty Kill - 3 Players Forward 
   Forward                                           Time % Phy DF OF 
 1 Daniel Briere                                     60     0   5  0  
 2 James Van Riemsdyk                                40     0   5  0  

Penalty Kill - 3 Players Defense
   Defense                  Defense                  Time % Phy DF OF 
 1 Connor Murphy            Andrej Sekera            60     0   5  0  
 2 Dougie Hamilton          Simon Despres            40     0   5  0  

4 vs 4 Forward 
   Center                   Wing                     Time % Phy DF OF 
 1 Milan Lucic              J.P. Dumont              60     0   2  3  
 2 Daniel Briere            James Van Riemsdyk       40     0   2  3  

4 vs 4 Defense
   Defense                  Defense                  Time % Phy DF OF 
 1 Andrej Sekera            Connor Murphy            60     0   4  1  
 2 Dougie Hamilton          Simon Despres            40     0   4  1  

Last Minutes Offensive
   Center                   Left Wing                Right Wing               Defense                  Defense                  
   Nicklas Backstrom        Alexander Frolov         Daniel Briere            Brent Seabrook           Andrej Sekera            

Last Minutes Defensive
   Center                   Left Wing                Right Wing               Defense                  Defense                  
   Nicklas Backstrom        Alexander Frolov         Daniel Briere            Brent Seabrook           Andrej Sekera            

Goaltenders
Starting : Jake Allen               
Backup : Michal Neuvirth          

Extra Forwards
Normal : Daniel Briere, James Van Riemsdyk, Milan Lucic - PP : Daniel Briere, James Van Riemsdyk - PK : Milan Lucic
Extra Defensemen
Normal : Connor Murphy, Simon Despres, Dougie Hamilton - PP : Connor Murphy - PK : Simon Despres, Dougie Hamilton
Penalty Shots
Daniel Briere, James Van Riemsdyk, Milan Lucic, J.P. Dumont, Alexander Frolov
Custom OT Lines Forwards
Nicklas Backstrom, Alexander Frolov, Daniel Briere, Darren Helm, J.P. Dumont, James Van Riemsdyk, Cory Conacher, Milan Lucic, Janne Lahti, Mike Iggulden
Custom OT Lines Defensemen
Andrej Sekera, Olli Maata, Dougie Hamilton, Simon Despres, Connor Murphy

Scratches
Brandon Pirri (Healthy), Jordan Nolan (Healthy)

% Time on Ice - Panthers

Lines # - Real PCT - Wanted PCT - Time Play
Normal Forward
1 - 29% - 37% - 11:19
2 - 31% - 33% - 12:11
3 - 27% - 19% - 10:27
4 - 14% - 11% - 5:24
Normal Defense
1 - 30% - 34% - 11:47
2 - 36% - 32% - 14:10
3 - 20% - 20% - 7:59
4 - 14% - 14% - 5:25
PP Forward
1 - 60% - 50% - 3:49
2 - 40% - 50% - 2:30
PP Defense
1 - 42% - 50% - 2:39
2 - 58% - 50% - 3:40
PK Forward
1 - 55% - 51% - 7:51
2 - 45% - 49% - 6:29
PK Defense
1 - 47% - 52% - 6:43
2 - 53% - 48% - 7:37
PK3 Forward
1 - 0% - 50%
2 - 0% - 50%
PK3 Defense
1 - 0% - 52%
2 - 0% - 48%
44 Forward
1 - 0% - 50%
2 - 0% - 50%
44 Defense
1 - 0% - 51%
2 - 0% - 49%
Last Minute Offensive  - 0:00
Last Minute Defensive  - 0:00
Total
Forward - 60:00
Defense - 60:00

% Time on Ice - Sabres

Lines # - Real PCT - Wanted PCT - Time Play
Normal Forward
1 - 32% - 40% - 12:30
2 - 25% - 30% - 9:51
3 - 14% - 20% - 5:25
4 - 29% - 10% - 11:35
Normal Defense
1 - 43% - 40% - 16:45
2 - 28% - 30% - 11:04
3 - 22% - 20% - 8:31
4 - 8% - 10% - 3:01
PP Forward
1 - 45% - 60% - 6:28
2 - 55% - 40% - 7:52
PP Defense
1 - 47% - 60% - 6:41
2 - 53% - 40% - 7:39
PK Forward
1 - 74% - 60% - 4:39
2 - 26% - 40% - 1:40
PK Defense
1 - 59% - 60% - 3:43
2 - 41% - 40% - 2:36
PK3 Forward
1 - 0% - 60%
2 - 0% - 40%
PK3 Defense
1 - 0% - 60%
2 - 0% - 40%
44 Forward
1 - 0% - 60%
2 - 0% - 40%
44 Defense
1 - 0% - 60%
2 - 0% - 40%
Last Minute Offensive  - 0:00
Last Minute Defensive  - 0:00
Total
Forward - 60:00
Defense - 60:00

Play by Play

1st period


0:01 of 1st period - Daniel Briere wins face-off versus Mike Cammalleri in neutral zone.
0:16 of 1st period - Shot by Jakub Voracek.
0:16 of 1st period - Stopped by Jake Allen without a rebound.
0:17 of 1st period - Alexander Frolov wins face-off versus Sean Couturier in Sabres zone.
0:17 of 1st period - Alexander Frolov is hit by Wayne Simmonds.
0:24 of 1st period - J.P. Dumont is hit by Aaron Ekblad and loses puck.
0:32 of 1st period - Brayden Schenn is hit by James Van Riemsdyk and loses puck.
0:53 of 1st period - Shot by Sean Couturier.
0:53 of 1st period - Goal by Sean Couturier - Panthers : 1 - Sabres : 0.
0:54 of 1st period - Derick Brassard wins face-off versus Daniel Briere in neutral zone.
1:06 of 1st period - Icing by Daniel Briere.
1:07 of 1st period - Daniel Briere wins face-off versus Mike Cammalleri in Sabres zone.
1:17 of 1st period - Niklas Hjalmarsson is hit by Janne Lahti and loses puck.
1:53 of 1st period - Off-side.
1:54 of 1st period - Nick Bonino wins face-off versus Victor Rask in neutral zone.
2:30 of 1st period - Shot by Luke Schenn.
2:30 of 1st period - Shot Blocked by Andrej Sekera.
3:26 of 1st period - Shot by Sean Couturier.
3:26 of 1st period - Shot Misses the Net.
3:57 of 1st period - Icing by Darren Helm.
3:58 of 1st period - Mike Cammalleri wins face-off versus Daniel Briere in Sabres zone.
4:42 of 1st period - Jakub Voracek is hit by Connor Murphy and loses puck.
5:02 of 1st period - Off-side.
5:03 of 1st period - Victor Rask wins face-off versus Derick Brassard in neutral zone.
5:03 of 1st period - Brent Seabrook is hit by Jakob Silfverberg and loses puck.
5:22 of 1st period - Shot by Chris Kreider.
5:22 of 1st period - Stopped by Jake Allen without a rebound.
5:23 of 1st period - Sean Couturier wins face-off versus Alexander Frolov in Sabres zone.
5:28 of 1st period - Shot by Dustin Byfuglien.
5:28 of 1st period - Shot Misses the Net.
5:46 of 1st period - Shot by James Van Riemsdyk.
5:46 of 1st period - Deflect By J.P. Dumont.
5:46 of 1st period - Goal by J.P. Dumont - Panthers : 1 - Sabres : 1.
5:47 of 1st period - Derick Brassard wins face-off versus Victor Rask in neutral zone.
5:59 of 1st period - Brent Seabrook is hit by Cam Fowler and loses puck.
6:53 of 1st period - Nicklas Backstrom is hit by Chris Kreider and loses puck.
7:14 of 1st period - Minor Penalty to Cam Fowler for Roughing.
7:15 of 1st period - Nick Bonino wins face-off versus Daniel Briere in Panthers zone.
7:15 of 1st period - Nick Bonino is hit by Daniel Briere.
7:35 of 1st period - Shot by James Van Riemsdyk.
7:35 of 1st period - Stopped by Robin Lehner with a rebound.
7:41 of 1st period - Shot by Simon Despres.
7:41 of 1st period - Goal by Simon Despres - Panthers : 1 - Sabres : 2.
7:42 of 1st period - Sean Couturier wins face-off versus Victor Rask in neutral zone.
7:44 of 1st period - Minor Penalty to Brent Seabrook for Holding Stick.
7:45 of 1st period - J.P. Dumont wins face-off versus Mike Cammalleri in Sabres zone.
8:00 of 1st period - Shot by Cam Fowler.
8:00 of 1st period - Shot Blocked by Andrej Sekera.
8:02 of 1st period - Shot by Cam Fowler.
8:02 of 1st period - Shot Misses the Net.
8:04 of 1st period - Shot by Mario Scalzo.
8:04 of 1st period - Shot Blocked by Andrej Sekera.
8:06 of 1st period - Shot by Cam Fowler.
8:06 of 1st period - Stopped by Jake Allen without a rebound.
8:07 of 1st period - J.P. Dumont wins face-off versus Brayden Schenn in Sabres zone.
9:10 of 1st period - Wayne Simmonds is hit by Dougie Hamilton and loses puck.
9:25 of 1st period - Shot by Mike Cammalleri.
9:25 of 1st period - Shot Misses the Net.
10:03 of 1st period - Shot by Jakob Silfverberg.
10:03 of 1st period - Shot Blocked by Andrej Sekera.
10:37 of 1st period - Brayden Schenn is hit by Daniel Briere.
10:54 of 1st period - Shot by Brayden Schenn.
10:54 of 1st period - Stopped by Jake Allen with a rebound.
11:02 of 1st period - Brayden Schenn is hit by James Van Riemsdyk and loses puck.
12:17 of 1st period - Shot by Nicklas Backstrom.
12:17 of 1st period - Deflect By Janne Lahti.
12:17 of 1st period - Shot Misses the Net.
12:19 of 1st period - Shot by Nicklas Backstrom.
12:19 of 1st period - Stopped by Robin Lehner without a rebound.
12:20 of 1st period - Derick Brassard wins face-off versus Daniel Briere in Panthers zone.
12:40 of 1st period - Shot by Andrej Sekera.
12:40 of 1st period - Shot Misses the Net.
13:20 of 1st period - Aaron Ekblad is hit by Simon Despres and loses puck.
13:45 of 1st period - Jakub Voracek is hit by James Van Riemsdyk and loses puck.
14:16 of 1st period - Victor Rask is hit by Jason Demers and loses puck.
14:28 of 1st period - Icing by Milan Lucic.
14:29 of 1st period - Brayden Schenn wins face-off versus Victor Rask in Sabres zone.
14:32 of 1st period - Shot by Wayne Simmonds.
14:32 of 1st period - Deflect By Brayden Schenn.
14:32 of 1st period - Shot Misses the Net.
14:34 of 1st period - Shot by Wayne Simmonds.
14:34 of 1st period - Goal by Wayne Simmonds - Panthers : 2 - Sabres : 2.
14:35 of 1st period - Sean Couturier wins face-off versus Daniel Briere in neutral zone.
14:45 of 1st period - Dustin Byfuglien is hit by Daniel Briere and loses puck.
14:50 of 1st period - Shot by Nicklas Backstrom.
14:50 of 1st period - Stopped by Robin Lehner without a rebound.
14:51 of 1st period - Alexander Frolov wins face-off versus Nick Bonino in Panthers zone.
14:51 of 1st period - Alexander Frolov is hit by Mario Scalzo.
15:21 of 1st period - Shot by J.P. Dumont.
15:21 of 1st period - Shot Blocked by Mario Scalzo.
15:23 of 1st period - Shot by Alexander Frolov.
15:23 of 1st period - Shot Misses the Net.
15:25 of 1st period - Shot by Alexander Frolov.
15:25 of 1st period - Shot Blocked by John Moore.
15:27 of 1st period - Shot by Simon Despres.
15:27 of 1st period - Shot Misses the Net.
15:31 of 1st period - Shot by Dougie Hamilton.
15:31 of 1st period - Stopped by Robin Lehner without a rebound.
15:32 of 1st period - Daniel Briere wins face-off versus Sean Couturier in Panthers zone.
16:41 of 1st period - Minor Penalty to Connor Murphy for Hooking.
16:42 of 1st period - J.P. Dumont wins face-off versus Mike Cammalleri in Sabres zone.
18:22 of 1st period - Shot by John Moore.
18:22 of 1st period - Shot Blocked by Brent Seabrook.
18:32 of 1st period - Shot by Wayne Simmonds.
18:32 of 1st period - Shot Misses the Net.
19:00 of 1st period - Shot by Daniel Briere.
19:00 of 1st period - Shot Blocked by Niklas Hjalmarsson.
19:02 of 1st period - Shot by Daniel Briere.
19:02 of 1st period - Shot Blocked by Jakob Silfverberg.
19:52 of 1st period - Shot by Wayne Simmonds.
19:52 of 1st period - Shot Blocked by Andrej Sekera.
Goals for this period are 2 for Panthers vs 2 for Sabres.
Shots for this period are 6 for Panthers vs 6 for Sabres.

2nd period


0:01 of 2nd period - Daniel Briere wins face-off versus Mike Cammalleri in neutral zone.
0:42 of 2nd period - Shot by Mike Cammalleri.
0:42 of 2nd period - Shot Misses the Net.
2:46 of 2nd period - Jakub Voracek is hit by Connor Murphy and loses puck.
2:54 of 2nd period - Brett Sutter is hit by Connor Murphy.
3:28 of 2nd period - Nicklas Backstrom is hit by Wayne Simmonds.
4:13 of 2nd period - Off-side.
4:14 of 2nd period - Derick Brassard wins face-off versus J.P. Dumont in neutral zone.
4:21 of 2nd period - Minor Penalty to Dustin Byfuglien for Slashing.
4:22 of 2nd period - Daniel Briere wins face-off versus Mike Cammalleri in Panthers zone.
4:25 of 2nd period - Shot by J.P. Dumont.
4:25 of 2nd period - Deflect By Daniel Briere.
4:25 of 2nd period - Stopped by Robin Lehner without a rebound.
4:26 of 2nd period - Daniel Briere wins face-off versus Brayden Schenn in Panthers zone.
5:12 of 2nd period - Sean Couturier is hit by Daniel Briere and loses puck.
5:35 of 2nd period - Shot by Sean Couturier.
5:35 of 2nd period - Shot Blocked by Connor Murphy.
6:27 of 2nd period - Shot by James Van Riemsdyk.
6:27 of 2nd period - Shot Misses the Net.
6:29 of 2nd period - Shot by Cory Conacher.
6:29 of 2nd period - Shot Misses the Net.
6:57 of 2nd period - Icing by Andrej Sekera.
6:58 of 2nd period - Mike Cammalleri wins face-off versus Darren Helm in Sabres zone.
8:13 of 2nd period - Shot by Derick Brassard.
8:13 of 2nd period - Shot Blocked by Simon Despres.
8:14 of 2nd period - Minor Penalty to Simon Despres for Hooking.
8:15 of 2nd period - Daniel Briere wins face-off versus Derick Brassard in Sabres zone.
8:25 of 2nd period - Icing by John Moore.
8:26 of 2nd period - J.P. Dumont wins face-off versus Derick Brassard in Panthers zone.
8:48 of 2nd period - Icing by Aaron Ekblad.
8:49 of 2nd period - Daniel Briere wins face-off versus Derick Brassard in Panthers zone.
8:50 of 2nd period - Shot by Milan Lucic.
8:50 of 2nd period - Shot Misses the Net.
9:10 of 2nd period - Shot by Derick Brassard.
9:10 of 2nd period - Shot Blocked by Connor Murphy.
9:12 of 2nd period - Shot by Aaron Ekblad.
9:12 of 2nd period - Shot Blocked by Milan Lucic.
9:14 of 2nd period - Shot by Aaron Ekblad.
9:14 of 2nd period - Shot Misses the Net.
9:16 of 2nd period - Shot by Aaron Ekblad.
9:16 of 2nd period - Stopped by Jake Allen without a rebound.
9:17 of 2nd period - J.P. Dumont wins face-off versus Brett Sutter in Sabres zone.
9:31 of 2nd period - Shot by Cam Fowler.
9:31 of 2nd period - Stopped by Jake Allen without a rebound.
9:32 of 2nd period - Mike Cammalleri wins face-off versus J.P. Dumont in Sabres zone.
9:41 of 2nd period - Shot by Cam Fowler.
9:41 of 2nd period - Shot Misses the Net.
9:43 of 2nd period - Shot by Jakub Voracek.
9:43 of 2nd period - Shot Misses the Net.
9:45 of 2nd period - Shot by Mike Cammalleri.
9:45 of 2nd period - Stopped by Jake Allen with a rebound.
9:51 of 2nd period - Shot by Mario Scalzo.
9:51 of 2nd period - Stopped by Jake Allen without a rebound.
9:52 of 2nd period - Brett Sutter wins face-off versus J.P. Dumont in Sabres zone.
10:24 of 2nd period - Darren Helm is hit by Jason Demers and loses puck.
10:35 of 2nd period - Shot by Darren Helm.
10:35 of 2nd period - Stopped by Robin Lehner with a rebound.
10:37 of 2nd period - Shot by Daniel Briere.
10:37 of 2nd period - Stopped by Robin Lehner with a rebound.
10:39 of 2nd period - Shot by Nicklas Backstrom.
10:39 of 2nd period - Shot Misses the Net.
10:41 of 2nd period - Shot by Daniel Briere.
10:41 of 2nd period - Deflect By Nicklas Backstrom.
10:41 of 2nd period - Stopped by Robin Lehner without a rebound.
10:42 of 2nd period - Sean Couturier wins face-off versus Victor Rask in Panthers zone.
10:42 of 2nd period - Sean Couturier is hit by Milan Lucic.
10:52 of 2nd period - Shot by Brayden Schenn.
10:52 of 2nd period - Shot Misses the Net.
11:06 of 2nd period - Shot by Wayne Simmonds.
11:06 of 2nd period - Stopped by Jake Allen without a rebound.
11:07 of 2nd period - Alexander Frolov wins face-off versus Jakub Voracek in Sabres zone.
11:25 of 2nd period - Shot by Jakub Voracek.
11:25 of 2nd period - Shot Blocked by James Van Riemsdyk.
11:27 of 2nd period - Shot by Jakub Voracek.
11:27 of 2nd period - Stopped by Jake Allen without a rebound.
11:28 of 2nd period - Sean Couturier wins face-off versus Daniel Briere in Sabres zone.
11:33 of 2nd period - Shot by Brayden Schenn.
11:33 of 2nd period - Deflect By Wayne Simmonds.
11:33 of 2nd period - Shot Hit the Post.
11:35 of 2nd period - Shot by Sean Couturier.
11:35 of 2nd period - Stopped by Jake Allen with a rebound.
11:37 of 2nd period - Shot by Cam Fowler.
11:37 of 2nd period - Stopped by Jake Allen with a rebound.
12:13 of 2nd period - Shot by Brayden Schenn.
12:13 of 2nd period - Shot Misses the Net.
12:27 of 2nd period - Shot by Mike Cammalleri.
12:27 of 2nd period - Shot Misses the Net.
12:35 of 2nd period - Shot by Brett Sutter.
12:35 of 2nd period - Shot Misses the Net.
12:37 of 2nd period - Shot by Jakub Voracek.
12:37 of 2nd period - Stopped by Jake Allen without a rebound.
12:38 of 2nd period - J.P. Dumont wins face-off versus Derick Brassard in Sabres zone.
12:40 of 2nd period - Simon Despres is hit by Chris Kreider and loses puck.
13:04 of 2nd period - James Van Riemsdyk is hit by Mario Scalzo and loses puck.
13:13 of 2nd period - Shot by Alexander Frolov.
13:13 of 2nd period - Stopped by Robin Lehner with a rebound.
13:46 of 2nd period - Victor Rask is hit by Mario Scalzo.
13:53 of 2nd period - Milan Lucic is hit by Mario Scalzo.
14:00 of 2nd period - Milan Lucic is hit by John Moore and loses puck.
14:03 of 2nd period - Shot by Milan Lucic.
14:03 of 2nd period - Deflect By Victor Rask.
14:03 of 2nd period - Stopped by Robin Lehner with a rebound.
14:05 of 2nd period - Shot by Connor Murphy.
14:05 of 2nd period - Shot Blocked by John Moore.
14:07 of 2nd period - Shot by Connor Murphy.
14:07 of 2nd period - Stopped by Robin Lehner without a rebound.
14:07 of 2nd period - Minor Penalty to Mario Scalzo for Hooking.
14:08 of 2nd period - Daniel Briere wins face-off versus Brayden Schenn in Panthers zone.
14:09 of 2nd period - Shot by Andrej Sekera.
14:09 of 2nd period - Stopped by Robin Lehner without a rebound.
14:10 of 2nd period - Brayden Schenn wins face-off versus Nicklas Backstrom in Panthers zone.
14:10 of 2nd period - Brayden Schenn is hit by Milan Lucic.
14:24 of 2nd period - Shot by Andrej Sekera.
14:24 of 2nd period - Shot Blocked by Luke Schenn.
14:28 of 2nd period - Shot by Alexander Frolov.
14:28 of 2nd period - Shot Misses the Net.
14:30 of 2nd period - Shot by Connor Murphy.
14:30 of 2nd period - Stopped by Robin Lehner without a rebound.
14:31 of 2nd period - Brayden Schenn wins face-off versus Daniel Briere in Panthers zone.
14:48 of 2nd period - Shot by Nick Bonino.
14:48 of 2nd period - Shot Blocked by Simon Despres.
14:50 of 2nd period - Shot by Nick Bonino.
14:50 of 2nd period - Stopped by Jake Allen without a rebound.
14:51 of 2nd period - Nicklas Backstrom wins face-off versus Sean Couturier in Sabres zone.
14:58 of 2nd period - Shot by Andrej Sekera.
14:58 of 2nd period - Stopped by Robin Lehner without a rebound.
14:59 of 2nd period - Daniel Briere wins face-off versus Brayden Schenn in Panthers zone.
15:41 of 2nd period - Shot by Simon Despres.
15:41 of 2nd period - Shot Blocked by John Moore.
15:43 of 2nd period - Shot by J.P. Dumont.
15:43 of 2nd period - Stopped by Robin Lehner without a rebound.
15:44 of 2nd period - Sean Couturier wins face-off versus Nicklas Backstrom in Panthers zone.
15:57 of 2nd period - Shot by Nicklas Backstrom.
15:57 of 2nd period - Stopped by Robin Lehner with a rebound.
16:27 of 2nd period - Shot by Daniel Briere.
16:27 of 2nd period - Stopped by Robin Lehner without a rebound.
16:28 of 2nd period - Sean Couturier wins face-off versus Victor Rask in Panthers zone.
16:28 of 2nd period - Sean Couturier is hit by Milan Lucic.
16:29 of 2nd period - Minor Penalty to Mike Iggulden for High sticking.
16:30 of 2nd period - J.P. Dumont wins face-off versus Brett Sutter in Sabres zone.
16:47 of 2nd period - Shot by Mario Scalzo.
16:47 of 2nd period - Shot Misses the Net.
16:51 of 2nd period - Shot by Cam Fowler.
16:51 of 2nd period - Goal by Cam Fowler - Panthers : 3 - Sabres : 2.
16:52 of 2nd period - Nick Bonino wins face-off versus Daniel Briere in neutral zone.
17:01 of 2nd period - Niklas Hjalmarsson is hit by Daniel Briere and loses puck.
17:08 of 2nd period - Shot by Darren Helm.
17:08 of 2nd period - Stopped by Robin Lehner without a rebound.
17:09 of 2nd period - Alexander Frolov wins face-off versus Mike Cammalleri in Panthers zone.
17:28 of 2nd period - Jakub Voracek is hit by James Van Riemsdyk and loses puck.
17:39 of 2nd period - Shot by Alexander Frolov.
17:39 of 2nd period - Shot Blocked by Dustin Byfuglien.
17:41 of 2nd period - Shot by J.P. Dumont.
17:41 of 2nd period - Stopped by Robin Lehner with a rebound.
17:43 of 2nd period - Shot by Alexander Frolov.
17:43 of 2nd period - Stopped by Robin Lehner without a rebound.
17:44 of 2nd period - Daniel Briere wins face-off versus Sean Couturier in Panthers zone.
17:55 of 2nd period - Shot by Wayne Simmonds.
17:55 of 2nd period - Shot Misses the Net.
18:27 of 2nd period - Shot by Daniel Briere.
18:27 of 2nd period - Shot Blocked by Aaron Ekblad.
19:03 of 2nd period - Shot by Jakub Voracek.
19:03 of 2nd period - Shot Misses the Net.
19:07 of 2nd period - Shot by Luke Schenn.
19:07 of 2nd period - Shot Blocked by Andrej Sekera.
19:09 of 2nd period - Shot by Jakub Voracek.
19:09 of 2nd period - Goal by Jakub Voracek - Panthers : 4 - Sabres : 2.
19:10 of 2nd period - Alexander Frolov wins face-off versus Chris Kreider in neutral zone.
19:17 of 2nd period - Minor Penalty to Chris Kreider for Holding.
19:18 of 2nd period - Brayden Schenn wins face-off versus James Van Riemsdyk in Panthers zone.
19:24 of 2nd period - Icing by Connor Murphy.
19:25 of 2nd period - Brayden Schenn wins face-off versus Daniel Briere in Sabres zone.
19:34 of 2nd period - Shot by Nick Bonino.
19:34 of 2nd period - Stopped by Jake Allen without a rebound.
19:35 of 2nd period - Sean Couturier wins face-off versus Nicklas Backstrom in Sabres zone.
19:56 of 2nd period - Shot by Andrej Sekera.
19:56 of 2nd period - Stopped by Robin Lehner with a rebound.
19:58 of 2nd period - Shot by Alexander Frolov.
19:58 of 2nd period - Shot Misses the Net.
Goals for this period are 2 for Panthers vs 0 for Sabres.
Shots for this period are 13 for Panthers vs 17 for Sabres.

3rd period


0:01 of 3rd period - Brayden Schenn wins face-off versus Alexander Frolov in neutral zone.
0:10 of 3rd period - Shot by Andrej Sekera.
0:10 of 3rd period - Shot Blocked by Luke Schenn.
0:12 of 3rd period - Shot by Milan Lucic.
0:12 of 3rd period - Shot Blocked by Cam Fowler.
0:12 of 3rd period - Cam Fowler from Panthers is injured at 0:12 of 3rd period (Broken Left Index Finger).
0:13 of 3rd period - Brayden Schenn wins face-off versus Daniel Briere in Panthers zone.
1:27 of 3rd period - Icing by Simon Despres.
1:28 of 3rd period - Victor Rask wins face-off versus Mike Cammalleri in Sabres zone.
1:36 of 3rd period - Icing by Mike Cammalleri.
1:37 of 3rd period - Mike Cammalleri wins face-off versus Victor Rask in Panthers zone.
2:02 of 3rd period - Shot by Jakub Voracek.
2:02 of 3rd period - Shot Misses the Net.
2:04 of 3rd period - Shot by Mike Cammalleri.
2:04 of 3rd period - Shot Misses the Net.
2:06 of 3rd period - Shot by Mike Cammalleri.
2:06 of 3rd period - Stopped by Jake Allen with a rebound.
2:56 of 3rd period - Shot by Sean Couturier.
2:56 of 3rd period - Deflect By Wayne Simmonds.
2:56 of 3rd period - Shot Misses the Net.
2:59 of 3rd period - Wayne Simmonds is hit by Brent Seabrook and loses puck.
3:10 of 3rd period - Shot by Sean Couturier.
3:10 of 3rd period - Shot Misses the Net.
3:12 of 3rd period - Shot by Dustin Byfuglien.
3:12 of 3rd period - Shot Blocked by Brent Seabrook.
3:51 of 3rd period - J.P. Dumont is hit by Mario Scalzo and loses puck.
3:55 of 3rd period - Icing by John Moore.
3:56 of 3rd period - Nick Bonino wins face-off versus Victor Rask in Panthers zone.
3:56 of 3rd period - Nick Bonino is hit by Mike Iggulden.
4:07 of 3rd period - Minor Penalty to Chris Kreider for Hooking.
4:08 of 3rd period - Sean Couturier wins face-off versus Nicklas Backstrom in Panthers zone.
4:08 of 3rd period - Sean Couturier is hit by Milan Lucic.
4:30 of 3rd period - Off-side.
4:31 of 3rd period - Daniel Briere wins face-off versus Sean Couturier in neutral zone.
4:50 of 3rd period - Shot by J.P. Dumont.
4:50 of 3rd period - Stopped by Robin Lehner without a rebound.
4:51 of 3rd period - Sean Couturier wins face-off versus Nicklas Backstrom in Panthers zone.
5:56 of 3rd period - Shot by Andrej Sekera.
5:56 of 3rd period - Stopped by Robin Lehner without a rebound.
5:57 of 3rd period - Nick Bonino wins face-off versus Daniel Briere in Panthers zone.
6:14 of 3rd period - Shot by Chris Kreider.
6:14 of 3rd period - Shot Misses the Net.
6:16 of 3rd period - Shot by Niklas Hjalmarsson.
6:16 of 3rd period - Shot Misses the Net.
7:05 of 3rd period - Minor Penalty to Aaron Ekblad for Hooking.
7:06 of 3rd period - Brayden Schenn wins face-off versus Daniel Briere in Panthers zone.
7:15 of 3rd period - Brayden Schenn is hit by Daniel Briere and loses puck.
8:31 of 3rd period - Off-side.
8:32 of 3rd period - Daniel Briere wins face-off versus Sean Couturier in neutral zone.
9:03 of 3rd period - Shot by Nick Bonino.
9:03 of 3rd period - Shot Misses the Net.
9:05 of 3rd period - Shot by Luke Schenn.
9:05 of 3rd period - Stopped by Jake Allen with a rebound.
9:33 of 3rd period - Mike Iggulden is hit by Chris Kreider and loses puck.
9:52 of 3rd period - Brent Seabrook is hit by Chris Kreider and loses puck.
9:58 of 3rd period - Icing by Daniel Briere.
9:59 of 3rd period - Daniel Briere wins face-off versus Mike Cammalleri in Sabres zone.
9:59 of 3rd period - Daniel Briere is hit by Mario Scalzo.
10:13 of 3rd period - Icing by Nicklas Backstrom.
10:14 of 3rd period - Wayne Simmonds wins face-off versus Daniel Briere in Sabres zone.
10:51 of 3rd period - Minor Penalty to Dustin Byfuglien for Roughing.
10:52 of 3rd period - Nicklas Backstrom wins face-off versus Brayden Schenn in Panthers zone.
10:55 of 3rd period - Shot by Simon Despres.
10:55 of 3rd period - Shot Blocked by Brayden Schenn.
10:57 of 3rd period - Shot by Simon Despres.
10:57 of 3rd period - Stopped by Robin Lehner with a rebound.
10:59 of 3rd period - Shot by Alexander Frolov.
10:59 of 3rd period - Stopped by Robin Lehner without a rebound.
11:00 of 3rd period - Sean Couturier wins face-off versus Nicklas Backstrom in Panthers zone.
12:18 of 3rd period - Shot by Daniel Briere.
12:18 of 3rd period - Stopped by Robin Lehner without a rebound.
12:19 of 3rd period - Sean Couturier wins face-off versus Nicklas Backstrom in Panthers zone.
13:27 of 3rd period - Shot by James Van Riemsdyk.
13:27 of 3rd period - Stopped by Robin Lehner without a rebound.
13:28 of 3rd period - Victor Rask wins face-off versus Mike Cammalleri in Panthers zone.
14:06 of 3rd period - Icing by Connor Murphy.
14:07 of 3rd period - Sean Couturier wins face-off versus Victor Rask in Sabres zone.
14:09 of 3rd period - Minor Penalty to Brayden Schenn for Slashing.
14:10 of 3rd period - Nick Bonino wins face-off versus Daniel Briere in Panthers zone.
14:10 of 3rd period - Luke Schenn is hit by Daniel Briere and loses puck.
14:36 of 3rd period - Icing by James Van Riemsdyk.
14:37 of 3rd period - J.P. Dumont wins face-off versus Sean Couturier in Sabres zone.
15:50 of 3rd period - Icing by Andrej Sekera.
15:51 of 3rd period - Sean Couturier wins face-off versus Nicklas Backstrom in Sabres zone.
15:52 of 3rd period - Shot by Brett Sutter.
15:52 of 3rd period - Shot Blocked by Andrej Sekera.
16:10 of 3rd period - Shot by Janne Lahti.
16:10 of 3rd period - Shot Misses the Net.
16:12 of 3rd period - Shot by Daniel Briere.
16:12 of 3rd period - Deflect By Janne Lahti.
16:12 of 3rd period - Shot Misses the Net.
16:14 of 3rd period - Shot by Andrej Sekera.
16:14 of 3rd period - Stopped by Robin Lehner without a rebound.
16:15 of 3rd period - Derick Brassard wins face-off versus Daniel Briere in Panthers zone.
16:15 of 3rd period - Derick Brassard is hit by Janne Lahti.
16:30 of 3rd period - Icing by Andrej Sekera.
16:31 of 3rd period - Mike Cammalleri wins face-off versus Daniel Briere in Sabres zone.
16:32 of 3rd period - Shot by Jakub Voracek.
16:32 of 3rd period - Shot Misses the Net.
17:12 of 3rd period - Shot by Brett Sutter.
17:12 of 3rd period - Deflect By Mike Cammalleri.
17:12 of 3rd period - Shot Misses the Net.
17:22 of 3rd period - Brayden Schenn is hit by James Van Riemsdyk and loses puck.
18:01 of 3rd period - Aaron Ekblad is hit by James Van Riemsdyk and loses puck.
18:05 of 3rd period - Icing by Aaron Ekblad.
18:06 of 3rd period - Sean Couturier wins face-off versus Victor Rask in Panthers zone.
18:31 of 3rd period - Shot by Connor Murphy.
18:31 of 3rd period - Stopped by Robin Lehner without a rebound.
18:32 of 3rd period - Nicklas Backstrom wins face-off versus Mike Cammalleri in Panthers zone.
18:32 of 3rd period - Daniel Briere is hit by Dustin Byfuglien and loses puck.
18:46 of 3rd period - Shot by Jakub Voracek.
18:46 of 3rd period - Shot Misses the Net.
18:48 of 3rd period - Shot by Dustin Byfuglien.
18:48 of 3rd period - Shot Misses the Net.
18:50 of 3rd period - Shot by Dustin Byfuglien.
18:50 of 3rd period - Shot Misses the Net.
19:08 of 3rd period - Shot by Dustin Byfuglien.
19:08 of 3rd period - Stopped by Jake Allen without a rebound.
19:09 of 3rd period - Victor Rask wins face-off versus Nick Bonino in Sabres zone.
19:31 of 3rd period - Mike Iggulden is hit by Mario Scalzo and loses puck.
19:51 of 3rd period - Connor Murphy is hit by Nick Bonino and loses puck.
Goals for this period are 0 for Panthers vs 0 for Sabres.
Shots for this period are 3 for Panthers vs 8 for Sabres.